AoeStats
← vaultinaround

Arabia

509773406Analyzed
1v1 RM · 5d ago on Sep 28, 2026· 41m 44s· 2 players
Game mode
Random Map
Map size
Tiny (2 player)
Population
200
Speed
Normal
Resources
Standard
Victory
Conquest
Starting age
Dark Age
Ending age
Imperial Age
RankedLock teamsTeams togetherTeam positionsShared explorationLock speedFull tech treeHidden civsTurbo modeCheats
Victory
Defeat
🇧🇷 Bulgarians · Brazil
1044
+14
🇺🇸 Byzantines · United States
1006
-14
vaultinaround
6:53 Loom
10:03 Feudal Age
12:12 Man-at-Arms
20:44 Scale Barding Armor
20:51 Forging
20:36 Horse Collar
27:53 Castle Age
26:27 Fletching
26:38 Padded Archer Armor
29:41 Chain Barding Armor
29:56 Double-Bit Axe
30:20 Heavy Plow
33:25 Iron Casting
32:18 Light Cavalry
Capybara-Master
6:33 Loom
6:47 Loom
9:52 Feudal Age
20:08 Double-Bit Axe
23:31 Horse Collar
28:55 Gold Mining
31:09 Castle Age
29:46 Forging
29:55 Bloodlines
32:26 Iron Casting
32:05 Bow Saw
31:57 Heavy Plow
32:03 Husbandry
36:42 Arson
36:57 Squires
38:46 Gold Shaft Mining
39:20 Scale Barding Armor
40:12 Fletching
41:09 Chain Barding Armor
Connection lost

Rejoining the realm…

Still unreachable

The connection could not be restored.

Session expired

The server has moved on; the page needs a fresh start.